 Dungeon Crawl Stone Soup version 0.20-a0-893-g832831a (webtiles) character file.

144450 Rrauwl the Fencer (level 17, -15/135 HPs)
             Began as a Barachi Fighter on Mar 17, 2017.
             Was the Champion of Cheibriados.
             Blown up by an orb spider (23 damage)
             ... with an orb of destruction
             ... on level 3 of the Spider Nest on Mar 18, 2017.
             The game lasted 03:41:54 (28160 turns).

Rrauwl the Fencer (Barachi Fighter)                Turns: 28160, Time: 03:41:55

Health: -15/135    AC: 39    Str: 45    XL:     17   Next: 40%
Magic:  26/26      EV: 19    Int: 26    God:    Cheibriados [******]
Gold:   1242       SH: 11    Dex: 28    Spells: 19/28 levels left

rFire    . . .     SeeInvis .   Q - +4 double sword of Kindness {venom, rC+ Str+5 Int-4}
rCold    + + .     Gourm    .   F - +8 orange crystal plate armour {Archmagi, Int+3 Clar}
rNeg     . . .     Faith    +   k - +2 buckler {rPois}
rPois    +         Spirit   .   a - +0 helmet
rElec    .         Reflect  .   n - +0 cloak
rCorr    .         Harm     .   G - +1 pair of gloves {archery}
MR       +....     Clarity  +   q - +0 pair of boots
Stlth    ..........             C - amulet of faith
Regen    0.4/turn               K - ring "Ciowyw" {Wiz rC+ Str+3}
MPRegen  0.2/turn               B - ring of Qoomme {Str+2 Slay+5}

@: very slow
A: +LOS, swims, yellow scales 1, slowness 1, strong legs 2
a: Hop, Bend Time, Temporal Distortion, Slouch, Step From Time, Renounce
Religion


You were on level 3 of the Spider Nest.
You worshipped Cheibriados.
Cheibriados was exalted by your worship.
You were not hungry.

You visited 5 branches of the dungeon, and saw 26 of its levels.
You visited the Abyss 1 time.

You collected 2267 gold pieces.
You spent 1025 gold pieces at shops.

Inventory:

Hand Weapons
 i - a +2 demon trident of electrocution
 u - a +1 long sword of flaming
 Q - the +4 double sword of Kindness (weapon) {venom, rC+ Str+5 Int-4}
   (You acquired it on level 13 of the Dungeon)

   It poisons the flesh of those it strikes.
   It affects your strength (+5).
   It affects your intelligence (-4).
   It protects you from cold.
Armour
 a - a +0 helmet (worn)
 k - a +2 buckler of poison resistance (worn)
 l - the +5 shield "Guumpepp" {rC+++}
   (You took it off Asterion on level 1 of the Spider Nest)

   It renders you almost immune to cold.
 n - a +0 cloak (worn)
 q - a +0 pair of boots (worn)
 F - the +8 orange crystal plate armour (worn) {Archmagi, Int+3 Clar}
   (You found it on level 9 of the Dungeon)

   It affects your intelligence (+3).
   It protects you against confusion.
 G - a +1 pair of gloves of archery (worn)
 R - a +2 buckler of fire resistance
Jewellery
 d - an uncursed ring of magical power
 B - the ring of Qoomme (left hand) {Str+2 Slay+5}
   (You found it on level 2 of the Lair of Beasts)

   [ring of strength]

   It affects your strength (+2).
   It affects your accuracy and damage with ranged weapons and melee attacks
   (+5).
 C - an amulet of faith (around neck)
 K - the ring "Ciowyw" (right hand) {Wiz rC+ Str+3}
   (You found it on level 12 of the Dungeon)

   [ring of wizardry]

   It improves your spell success rate.
   It affects your strength (+3).
   It protects you from cold.
 Y - an uncursed ring of flight
Wands
 b - a wand of acid (10/15)
 e - a wand of polymorph (23/24)
 o - a wand of disintegration (10/24)
 y - a wand of digging (12/24)
 A - a wand of flame (8/48)
 P - a wand of confusion (6/48)
Scrolls
 h - 2 scrolls of fog
 m - 9 scrolls of identify
 p - 8 scrolls of remove curse
 z - 2 scrolls of fear
 L - 3 scrolls of recharging
 T - 3 scrolls of teleportation
 W - a scroll of blinking
Potions
 c - a potion of mutation
 g - 3 potions of agility
 j - 2 potions of resistance
 s - a potion of invisibility
 v - 7 potions of curing
 N - 4 potions of cancellation
Miscellaneous
 J - a lamp of fire
Comestibles
 f - 14 bread rations
 r - a chunk of flesh


   Skills:
 + Level 12.4 Fighting
 + Level 18.7 Long Blades
 + Level 13.1 Armour
 + Level 12.6 Dodging
 + Level 12.6 Shields
 - Level 6.1 Spellcasting
 - Level 6.0 Conjurations
 - Level 6.0 Summonings
 - Level 6.0 Translocations
 - Level 6.2 Poison Magic
 - Level 5.0 Invocations
 - Level 6.1 Evocations


You had 19 spell levels left.
You knew the following spells:

 Your Spells              Type           Power        Failure   Level  Hunger
a - Summon Butterflies    Summ           ######..     1%          1    None
b - Apportation           Tloc           ######       1%          1    None
c - Sting                 Conj/Pois      ####         1%          1    None
d - Blink                 Tloc           N/A          3%          2    None
e - Passage of Golubria   Tloc           N/A          19%         4    ###....


Dungeon Overview and Level Annotations

Branches:
Dungeon (14/15)            Temple (1/1) D:7            Lair (6/6) D:9
 Shoals (0/4) Lair:3       Spider (3/4) Lair:4        Slime (0/5) Lair:6
    Orc (2/2) D:10            Elf (0/3) Orc:2        Vaults (0/5) D:14

Altars:
Ashenzari
Cheibriados
Dithmenos
Elyvilon
Fedhas
Gozag
Kikubaaqudgha
Makhleb
Nemelex Xobeh
Okawaru
Qazlal
Ru
Sif Muna
Trog
Uskayaw
Vehumet
Wu Jian
Xom
Yredelemnul
Zin
The Shining One
Jiyva
Lugonu

Shops:
D:7 !   D:8 (   D:13 *   Orc:1 [   Orc:2 *:([

Annotations:
Lair:6 1 runed door


Innate Abilities, Weirdness & Mutations

Shadows flee at your approach. (+LOS)
You can swim through water.
You cover ground slowly.
You can hop longer distances.
You are partially covered in yellow scales. (AC +2)


Message History

Your butterfly is caught in a web!
The orb of destruction hits you!
* * * LOW HITPOINT WARNING * * *
Your butterfly pulls away from the web.
The orb spider begins to weave its threads into a brightly glowing ball.
Casting: Blink
Confirm with . or Enter, or press ? or * to list all spells.
You feel a surge of power!
You swap places.
Your butterfly disappears in a puff of smoke!
Your butterfly evades a web.
The orb spider weaves a glowing orb of energy.
Your butterfly is caught in a web!
Your butterfly evades a web.
Your butterfly pulls away from the web.
Your butterfly is caught in a web!
An orb of destruction comes into view.
Your butterfly struggles to get unstuck from the web. x3
Your butterfly is caught in a web!
Your butterfly pulls away from the web.
Your butterfly struggles to get unstuck from the web.
The orb of destruction hits you!
You die...

## ##≈## #≈≈≈####
#≈§.#†## ## # ###s....#
#.#.^ #≈..§.b### #...#.
#...§b.#.###.%....
#≈b^.@.#.^........ ##
#≈#≈#bb...........
##≈#####≈^........#....
#≈≈..##..........^#
##≈..........bb..^#
#.#.!.....###...b.#
#....^......#.......
##...........#.........
#^..#..(.....#..........


You could see an orb spider.

Vanquished Creatures
  Asterion (Spider:1)
  A tentacled starspawn (Abyss:2)
  A draconian knight (Abyss:2)
  Louise (Spider:2)
  An emperor scorpion (Spider:3)
  A stone giant (Orc:2)
  An entropy weaver (Spider:3)
  A yellow draconian (Abyss:2)
  Snorg (D:11)
  3 ettins (Orc:2)
  Josephine (D:10)
  2 ogre magi (D:14)
  2 catoblepae
  5 hydras
  3 centaur warriors
  A merfolk avatar (Lair:6)
  11 death yaks
  17 two-headed ogres
  4 tengu warriors
  2 thrashing horrors (Abyss:2)
  A sixfirhy (Abyss:2)
  10 slime creatures
  5 unseen horrors
  A sea snake (Lair:6)
  A glowing orange brain (Abyss:2)
  3 orc knights
  A necromancer (D:14)
  16 wolf spiders
  A phantasmal warrior (Abyss:2)
  4 deep elf magi
  9 orb spiders
  10 ugly things
  2 manticores
  A moth of wrath (Spider:2)
  12 cyclopes
  2 worldbinders (Abyss:2)
  Maurice (D:8)
  2 orc sorcerers
  2 black mambas
  A gargoyle (D:12)
  16 spiny frogs
  3 kobold demonologists
  12 komodo dragons
  5 rime drakes (Lair:6)
  An efreet (D:14)
  A freezing wraith (D:14)
  A tengu conjurer (D:14)
  6 demonic crawlers
  A hellwing (Abyss:2)
  2 ancient zymes (Abyss:2)
  A harpy zombie (D:13)
  9 jumping spiders
  5 hornets
  3 meliai (D:13)
  8 trolls
  7 polar bears
  Grinder (D:4)
  2 wind drakes (Lair:6)
  26 blink frogs
  11 hippogriffs
  5 dream sheep (Lair:6)
  A large abomination (Abyss:2)
  3 shadows
  A spriggan (D:7)
  35 redbacks
  63 yaks
  20 tarantellas
  10 basilisks
  A water elemental (D:11)
  A vampire (D:12)
  4 wraiths (D:10)
  Eustachio (D:4)
  8 wyverns
  4 hungry ghosts
  A chaos spawn (Abyss:2)
  3 steam dragons
  Menkaure (D:6)
  A small abomination (Abyss:2)
  2 soldier ants
  4 wargs
  An acid dragon (D:14)
  13 water moccasins
  12 porcupines
  5 ice beasts
  6 sky beasts
  18 orc warriors
  3 black bears
  A necrophage (D:7)
  4 phantoms
  An alligator simulacrum (Abyss:2)
  7 wolves
  20 ogres
  14 crocodiles
  18 centaurs
  2 big kobolds
  22 bullfrogs
  2 scorpions
  12 killer bees
  2 vampire bats (Orc:2)
  8 wights
  A bullfrog zombie (D:9)
  5 howler monkeys
  9 crimson imps
  4 centaur zombies
  5 jellies
  16 orc priests
  A gnoll shaman (D:7)
  7 hounds
  2 centaur skeletons
  5 bullfrog skeletons
  14 orc wizards
  5 iguanas
  10 worker ants
  2 killer bee zombies
  A hound zombie (D:11)
  A hound skeleton (D:9)
  A howler monkey zombie (D:9)
  A worker ant zombie (D:5)
  14 adders
  22 gnolls
  A howler monkey skeleton (D:4)
  4 shadow imps
  4 white imps (D:11)
  A worker ant simulacrum (D:11)
  An ufetubus (D:11)
  An adder zombie (D:7)
  An adder skeleton (D:9)
  12 worms
  10 dart slugs
  5 leopard geckos
  106 orcs
  8 giant cockroaches
  10 goblins
  6 hobgoblins
  31 jackals
  8 quokkas
  14 bats
  7 frilled lizards
  16 kobolds
  A leopard gecko skeleton (D:4)
  2 quokka skeletons
  7 rats
  A plant (Lair:4)
  2 starspawn tentacles (Abyss:2)
991 creatures vanquished.

Vanquished Creatures (others)
  A redback (Spider:1)
  A bullfrog (D:14)
  4 wights (D:6)
  2 orcs
  A frilled lizard (D:4)
  7 fungi
  13 plants
  4 starspawn tentacles (Abyss:2)
33 creatures vanquished.

Grand Total: 1024 creatures vanquished

Notes
Turn   | Place    | Note
-------+----------+-------------------------------------------
     0 | D:1      | Rrauwl the Barachi Fighter began the quest for the Orb.
     0 | D:1      | Reached XP level 1. HP: 18/18 MP: 1/1
    72 | D:1      | Reached XP level 2. HP: 22/25 MP: 2/2
   291 | D:1      | Reached XP level 3. HP: 23/30 MP: 3/3
   378 | D:1      | Reached skill level 3 in Long Blades
   925 | D:2      | Reached XP level 4. HP: 37/37 MP: 4/4
   970 | D:2      | Reached skill level 1 in Dodging
  1947 | D:3      | Reached XP level 5. HP: 34/43 MP: 5/5
  2491 | D:3      | Gained mutation: You are partially covered in yellow scales. (AC +2) [potion of mutation]
  2491 | D:3      | Gained mutation: Your spells are a little easier to cast, but a little less powerful. [potion of mutation]
  2491 | D:3      | Lost mutation: Your spells are a little easier to cast, but a little less powerful. [potion of mutation]
  2652 | D:4      | Reached XP level 6. HP: 22/50 MP: 6/6
  2672 | D:4      | Reached skill level 5 in Fighting
  2914 | D:4      | Reached skill level 4 in Long Blades
  2914 | D:4      | Reached skill level 5 in Armour
  3179 | D:4      | Found a basalt altar of Yredelemnul.
  3180 | D:4      | Noticed a profane servitor
  3303 | D:4      | Found a glowing golden altar of the Shining One.
  3304 | D:4      | Noticed an angel
  3336 | D:4      | Reached skill level 5 in Shields
  3459 | D:4      | Noticed Grinder
  3466 | D:4      | Reached XP level 7. HP: 35/56 MP: 7/7
  3809 | D:4      | Killed Grinder
  3809 | D:4      | Reached skill level 5 in Long Blades
  4442 | D:4      | Reached skill level 6 in Long Blades
  4478 | D:4      | Reached skill level 5 in Dodging
  4593 | D:4      | Noticed Eustachio
  4691 | D:4      | Killed Eustachio
  4691 | D:4      | Reached XP level 8. HP: 27/62 MP: 8/8
  4897 | D:5      | Entered Level 5 of the Dungeon
  5002 | D:5      | Reached skill level 7 in Long Blades
  5007 | D:5      | Found a white marble altar of Elyvilon.
  5100 | D:5      | Reached skill level 1 in Evocations
  5684 | D:5      | Reached skill level 8 in Long Blades
  6064 | D:6      | Found a stormy altar of Qazlal.
  6103 | D:6      | Reached skill level 9 in Long Blades
  6182 | D:6      | Reached XP level 9. HP: 67/68 MP: 10/10
  6305 | D:6      | Reached skill level 10 in Long Blades
  7257 | D:6      | Reached skill level 11 in Long Blades
  7696 | D:6      | Found a bloodstained altar of Trog.
  7696 | D:6      | Noticed Menkaure
  8296 | D:6      | Killed Menkaure
  8296 | D:6      | Reached skill level 12 in Long Blades
  8668 | D:7      | Reached skill level 13 in Long Blades
  8668 | D:7      | Reached XP level 10. HP: 41/74 MP: 11/11
  9103 | D:7      | Found a staircase to the Ecumenical Temple.
  9113 | Temple   | Entered the Ecumenical Temple
  9185 | Temple   | Became a worshipper of Cheibriados the Contemplative
  9496 | D:7      | Reached skill level 14 in Long Blades
  9576 | D:7      | Found Puilugapp's Distillery.
  9585 | D:7      | Bought a potion of heal wounds for 75 gold pieces
  9585 | D:7      | Bought a potion of flight for 45 gold pieces
  9585 | D:7      | Bought a potion of agility for 60 gold pieces
  9831 | D:8      | Noticed Maurice
  9844 | D:8      | HP: 1/74 [acid (11)]
  9851 | D:8      | Killed Maurice
 10030 | D:8      | Reached * piety under Cheibriados
 10144 | D:8      | Found Qeilux's Weapon Emporium.
 10340 | D:8      | Found a hide-covered altar of Uskayaw.
 10369 | D:8      | Noticed an orange demon
 10370 | D:8      | Noticed a hell beast
 10382 | D:8      | Noticed a hell beast
 10382 | D:8      | Found a corrupted altar of Lugonu.
 10382 | D:8      | Noticed a rust devil
 10389 | D:8      | Noticed a two-headed ogre
 10399 | D:8      | Killed a two-headed ogre
 10399 | D:8      | Reached skill level 1 in Invocations
 10417 | D:8      | Found a shattered altar of Ashenzari.
 10948 | D:9      | Reached ** piety under Cheibriados
 11056 | D:9      | You fall through a shaft for 3 floors!
 11056 | D:12     | Noticed a manticore
 11073 | D:12     | Killed a manticore
 11073 | D:12     | Reached XP level 11. HP: 49/81 MP: 13/13
 11157 | D:11     | Noticed a two-headed ogre
 11160 | D:11     | Reached *** piety under Cheibriados
 11175 | D:11     | Killed a two-headed ogre
 11180 | D:11     | Noticed a sixfirhy
 11513 | D:11     | Noticed a cyclops
 11522 | D:11     | Killed a cyclops
 11543 | D:11     | Noticed a six-headed hydra
 11562 | D:11     | Killed a one-headed hydra
 11633 | D:11     | Reached **** piety under Cheibriados
 11641 | D:11     | Noticed a two-headed ogre
 11654 | D:11     | Killed a two-headed ogre
 11782 | D:11     | Killed an unseen horror
 11908 | D:10     | Entered Level 10 of the Dungeon
 11911 | D:10     | Noticed Josephine
 11942 | D:10     | Killed Josephine
 11942 | D:10     | Reached skill level 15 in Long Blades
 11942 | D:10     | Reached XP level 12. HP: 24/92 MP: 13/15
 12008 | D:10     | Reached ***** piety under Cheibriados
 12339 | D:10     | Learned a level 1 spell: Summon Butterflies
 12341 | D:10     | Learned a level 1 spell: Apportation
 12604 | D:10     | Found a staircase to the Orcish Mines.
 13427 | D:11     | Reached skill level 5 in Invocations
 13428 | D:11     | Noticed a centaur warrior
 13434 | D:11     | Noticed a six-headed hydra
 13443 | D:11     | Killed a one-headed hydra
 13459 | D:11     | Reached ****** piety under Cheibriados
 13480 | D:11     | Killed a centaur warrior
 13565 | D:11     | Noticed Snorg
 13573 | D:11     | Killed Snorg
 13615 | D:11     | Noticed a two-headed ogre
 13620 | D:11     | Killed a two-headed ogre
 14334 | D:12     | Gained mutation: You can hop longer distances. [Barachi growth]
 14334 | D:12     | Reached XP level 13. HP: 101/101 MP: 16/16
 14595 | D:12     | Got a heavily runed platinum ring
 14597 | D:12     | Identified the ring "Ciowyw" {Wiz rC+ Str+3} (You found it on level 12 of the Dungeon)
 14819 | D:12     | Reached skill level 5 in Evocations
 15085 | D:13     | Found Feadere's Demolitions Depot.
 15155 | D:13     | Reached skill level 10 in Fighting
 15548 | D:13     | Learned a level 1 spell: Sting
 15741 | D:13     | Reached skill level 1 in Summonings
 15741 | D:13     | Reached skill level 1 in Translocations
 15754 | D:13     | Reached skill level 1 in Spellcasting
 15981 | D:13     | Got a smoking war axe
 15982 | D:13     | Identified the +11 war axe "Osmof" {drain, Int+3} (You found it on level 13 of the Dungeon)
 16023 | D:13     | Identified a scroll of acquirement
 16024 | D:13     | Got a steaming double sword
 16025 | D:13     | Identified the +4 double sword of Kindness {venom, rC+ Str+5 Int-4} (You acquired it on level 13 of the Dungeon)
 16038 | D:13     | Reached skill level 10 in Dodging
 16084 | D:13     | Reached skill level 1 in Conjurations
 16084 | D:13     | Reached skill level 1 in Poison Magic
 16457 | D:12     | Reached skill level 10 in Armour
 16915 | D:9      | Reached skill level 16 in Long Blades
 17037 | D:9      | Found a staircase to the Lair.
 17172 | D:9      | Reached XP level 14. HP: 110/110 MP: 18/18
 17193 | D:9      | Reached skill level 10 in Shields
 17315 | Lair:1   | Entered Level 1 of the Lair of Beasts
 18378 | Lair:2   | Reached skill level 5 in Summonings
 18483 | Lair:2   | Got a twitching silver ring
 18485 | Lair:2   | Identified the ring of Qoomme {Str+2 Slay+5} (You found it on level 2 of the Lair of Beasts)
 19072 | Lair:3   | Reached skill level 5 in Poison Magic
 19741 | Lair:3   | Found a staircase to the Shoals.
 19900 | Lair:3   | Reached skill level 5 in Conjurations
 20232 | Lair:4   | Found a hole to the Spider Nest.
 20247 | Lair:4   | Reached skill level 5 in Translocations
 21199 | Lair:5   | Reached skill level 5 in Spellcasting
 21581 | Lair:5   | Reached XP level 15. HP: 96/115 MP: 22/22
 21979 | Lair:6   | Entered Level 6 of the Lair of Beasts
 22001 | Lair:6   | Reached skill level 17 in Long Blades
 22481 | Lair:6   | Found a runed door.
 22481 | Lair:6   | Found a viscous altar of Jiyva.
 22481 | Lair:6   | Noticed an acid blob
 22482 | Lair:6   | Found a staircase to the Slime Pits.
 22483 | Lair:6   | Noticed an acid blob
 22868 | Orc:1    | Entered Level 1 of the Orcish Mines
 23012 | Orc:2    | Entered Level 2 of the Orcish Mines
 23069 | Orc:2    | Found a staircase to the Elven Halls.
 23156 | Orc:2    | Found Atoimur's Antique Armour Emporium.
 23254 | Orc:2    | Found a radiant altar of Vehumet.
 23310 | Orc:2    | Found Nompoelo's Book Shoppe.
 23336 | Orc:2    | Found Hetzueps's General Store.
 23511 | Orc:2    | Found Nuim's Antique Weapon Emporium.
 24069 | Orc:1    | Found Lomuig's Armour Shoppe.
 24431 | Orc:2    | Bought a book of Spatial Translocations for 845 gold pieces
 24434 | Orc:2    | Learned a level 2 spell: Blink
 24439 | Orc:2    | Learned a level 4 spell: Passage of Golubria
 24646 | D:11     | Reached XP level 16. HP: 119/122 MP: 25/25
 25150 | D:14     | Reached skill level 18 in Long Blades
 25162 | D:14     | Found a gate to the Vaults.
 25803 | Spider:1 | Entered Level 1 of the Spider Nest
 26409 | Spider:1 | Noticed Asterion
 26426 | Spider:1 | Killed Asterion
 26431 | Spider:1 | Got a slimy shield
 26443 | Spider:1 | Identified the +5 shield "Guumpepp" {rC+++} (You took it off Asterion on level 1 of the Spider Nest)
 27158 | Spider:2 | Reached XP level 17. HP: 133/133 MP: 26/26
 27262 | Spider:2 | Noticed Louise
 27272 | Spider:2 | Cast into level 2 of the Abyss (Louise)
 27335 | Abyss:2  | Noticed a tentacled starspawn
 27348 | Abyss:2  | Killed a tentacled starspawn
 27595 | Spider:2 | Escaped the Abyss
 27607 | Spider:2 | Killed Louise
 28157 | Spider:3 | HP: 6/135 [disintegration (35)]
 28160 | Spider:3 | Blown up by an orb spider

Vault maps used:
D:1:      minmay_arrival_cross, serial_glass, glass_columns_b, glass_columns_c
D:2:      minmay_randomly_rotated_circles
D:3:      first_bread
D:4:      grunt_temple_overflow_holy_war, uniq_eustachio, uniq_grinder
D:5:      kennysheep_slugbush, lemuel_round_altar
D:6:      nicolae_qazlal_eye_of_the_storm, gammafunk_temple_overflow_pools,
          uniq_menkaure
D:7:      kennysheep_steamy, minmay_temple_entry_hall, serial_shops,
          nicolae_shop_waterfront, grunt_ministairs_15, the_bakery,
          kennysheep_generic_room_3
D:8:      nicolae_ashenzari_panopticon, lemuel_round_altar, serial_shops,
          shop_fountains, lemuel_hellish_altar, uniq_maurice
D:9:      erik_lair_dragon
D:10:     hiddenorc1_lemuel, minivault_19, uniq_josephine
D:11:     serial_ice, serial_ice_k, serial_ice_m, serial_ice_g, serial_ice_c,
          serial_ice_b, serial_ice_a, serial_ice_e, serial_ice_n, serial_ice_d,
          serial_ice_f, kennysheep_generic_room_6, uniq_snorg
D:12:     nicolae_whirlpool
D:13:     nicolae_blasting_shop
D:14:     david_vaults_1, grunt_decor_arrowhead
Temple:   eino_narrow_crystal_temple
Lair:2:   grunt_megastairs_1, serial_bayou_shore_a
Lair:3:   elwin_shoals_entry_rocks, grunt_megastairs_5
Lair:4:   spider_nest_entry_a
Lair:6:   gammafunk_lair_ancient_temple, slime_altar_2
Spider:1: uniq_asterion
Spider:2: uniq_louise
Orc:1:    serial_shops, shop
Orc:2:    grunt_orc_gardens, grunt_orc_garden, grunt_orc_garden,
          grunt_orc_garden, grunt_orc_garden, basic_altar, roderic_batcave

Skill      XL: |  1  2  3  4  5  6  7  8  9 10 11 12 13 14 15 16 17 |
---------------+----------------------------------------------------+-----
Fighting       | 4 5 6 7 9 10 11 12 | 12.4
Long Blades    | 3 4 6 9 13 14 15 16 17 18 | 18.7
Armour         | 4 5 6 7 9 10 11 12 13 | 13.1
Dodging        | 1 2 3 5 6 8 9 10 11 12 | 12.6
Shields        | 4 5 6 7 8 9 10 11 12 | 12.6
Evocations     | 2 3 4 5 6 |  6.1
Invocations    | 2 4 5 |  5.0
Summonings     | 2 6 |  6.0
Translocations | 3 5 6 |  6.0
Spellcasting   | 2 5 6 |  6.1
Conjurations   | 2 5 6 |  6.0
Poison Magic   | 2 5 6 |  6.2

Action                   |  1- 3 |  4- 6 |  7- 9 | 10-12 | 13-15 | 16-18 || total
-------------------------+-------+-------+-------+-------+-------+-------++-------
Melee: Long sword        |    95 |   322 |   663 |   596 |   375 |       ||  2051
       Falchion          |       |       |       |   290 |       |       ||   290
       Double sword      |       |       |       |       |   778 |   508 ||  1286
Throw: Throwing net      |       |       |     1 |       |       |       ||     1
 Cast: Passage of Golubr |       |       |       |       |     1 |       ||     1
       Summon Butterflie |       |       |       |       |       |    12 ||    12
       Blink             |       |       |       |       |       |     1 ||     1
Invok: Bend Time         |       |       |       |     3 |     1 |       ||     4
 Abil: Hop               |       |     1 |     4 |     3 |     1 |       ||     9
Evoke: Wand              |       |       |     3 |    24 |       |     7 ||    34
       Lamp of fire      |       |       |       |     1 |       |       ||     1
  Use: Potion            |     4 |     8 |     1 |     5 |       |     7 ||    25
       Scroll            |       |     3 |    17 |     7 |    13 |     6 ||    46
 Stab: Distracted        |       |       |       |       |     2 |       ||     2
  Eat: Chunk             |       |     9 |     9 |     8 |    11 |     1 ||    38
       Fruit             |       |     1 |     5 |    10 |     1 |       ||    17
       Bread ration      |       |       |     1 |       |     1 |       ||     2
       Royal jelly       |       |       |     1 |       |     3 |     1 ||     5
       Meat ration       |       |       |       |     2 |     1 |     1 ||     4
Armor: Scale mail        |    30 |   140 |   124 |       |       |       ||   294
       Skin              |     1 |       |     1 |       |       |       ||     2
       Plate armour      |       |       |   119 |    74 |       |       ||   193
       Chain mail        |       |       |     7 |       |       |       ||     7
       Crystal plate arm |       |       |       |   340 |   523 |   237 ||  1100
Dodge: Dodged            |    30 |   104 |   187 |   181 |   612 |   314 ||  1428
Block: Shield            |    44 |   170 |   315 |   457 |   146 |       ||  1132
       Buckler           |       |       |       |       |   395 |   236 ||   631
       Rpst.: Long sword |    14 |    31 |    43 |    27 |    22 |       ||   137
       Falchion          |       |       |       |    19 |       |       ||    19
       Double sword      |       |       |       |       |   119 |    62 ||   181
